[Event "*** Titled Tuesday Blitz"]
[Site "Chess.com"]
[Date "2021.03.30"]
[Round "3"]
[White "Spring199"]
[Black "Nozdrachev_Leonid"]
[Result "1/2-1/2"]
[WhiteElo "2347"]
[BlackElo "2536"]
[TimeControl "180+1"]
[EndTime "10:26:47 PDT"]
[Termination "Game drawn - insufficient material"]

1. d4 Nf6 2. c4 e6 3. Nc3 Bb4 4. e3 O-O 5. Ne2 d5 6. a3 Bd6 7. Ng3 c6 8. Bd3 e5 9. dxe5 Bxe5 10. O-O Re8 11. cxd5 cxd5 12. Nce2 Nc6 13. Rb1 a5 14. b4 axb4 15. axb4 Be6 16. Bb2 Bxb2 17. Rxb2 Ne5 18. Nd4 g6 19. Qb1 Nc4 20. Ra2 Rxa2 21. Qxa2 Qa8 22. Ra1 Qxa2 23. Rxa2 Rc8 24. h4 Ne5 25. Bf1 Rc1 26. Ra8+ Kg7 27. Nxe6+ fxe6 28. Ra7 Rc7 29. Ba6 Nc6 30. Rxb7 Rxb7 31. Bxb7 Nxb4 32. e4 dxe4 33. Nxe4 Nxe4 34. Bxe4 Kf6 35. g3 h6 36. Kg2 g5 37. hxg5+ hxg5 38. f4 Na2 39. Kf3 Nc3 40. Bc6 Nb1 41. Kg4 gxf4 42. Kxf4 Nc3 43. g4 Ne2+ 44.
Ke3 Nc3 45. Kf4 Nd5+ 46. Bxd5 exd5 47. g5+ Kg6 48. Ke5 Kxg5 49. Kxd5 1/2-1/2

[Event "*** Titled Tuesday Blitz"]
[Site "Chess.com"]
[Date "2021.03.30"]
[Round "3"]
[White "KubaGepard"]
[Black "Kapibara_Warri0r"]
[Result "0-1"]
[WhiteElo "2413"]
[BlackElo "2246"]
[TimeControl "180+1"]
[EndTime "10:26:47 PDT"]
[Termination "Kapibara_Warri0r won by resignation"]

1. e4 c5 2. Nf3 d6 3. d4 cxd4 4. Nxd4 Nf6 5. Nc3 a6 6. Be3 e5 7. Nf3 Be6 8. Ng5 Bg4 9. f3 Bd7 10. Bc4 Be6 11. Bxe6 fxe6 12. Nxe6 Qc8 13. Nd5 Nxd5 14.
Qxd5 Nc6 15. Bb6 Nb4 16. Nc7+ Qxc7 17. Bxc7 Nxd5 18. exd5 Rc8 19. Ba5 Rxc2 20. O-O Rxb2 21. Rfb1 Rxb1+ 22. Rxb1 b5 23. a4 Be7 24. axb5 axb5 25.
Rxb5 Kf7 26. Rb7 Kf6 27. f4 e4 28. Bc3+ Kf7 29. Bxg7 Rc8 30. Bh6 Ke8 31. Kf2 Rc2+ 32.
Kg3 e3 33. Rb3 e2 34. Re3 Rc3 35. Rxc3 e1=Q+ 0-1

[Event "*** Titled Tuesday Blitz"]
[Site "Chess.com"]
[Date "2021.03.30"]
[Round "3"]
[White "LamaChampetre"]
[Black "MergenKakabaev"]
[Result "0-1"]
[WhiteElo "2223"]
[BlackElo "2367"]
[TimeControl "180+1"]
[EndTime "10:26:47 PDT"]
[Termination "MergenKakabaev won by resignation"]

1. d4 d5 2. c4 c6 3. Nf3 Nf6 4. e3 e6 5. Nc3 Nbd7 6. b3 Be7 7. Qc2 b6 8. Be2 Bb7 9. O-O O-O 10. e4 dxe4 11. Nxe4 c5 12. Nxf6+ Bxf6 13. Bb2 cxd4 14. Nxd4 Qc7 15. Nb5 Qc5 16. Ba3 Qg5 17. f3 Bxa1 18.
Rxa1 Rfd8 19. Bd3 Nf6 20. Re1 a6 21. Bc1 Qh4 22. g3 Qh5 23. Nc3 Qxf3 24. Be4 Nxe4 25. Nxe4 Rd4 26. Re3 Rd1+ 0-1

[Event "*** Titled Tuesday Blitz"]
[Site "Chess.com"]
[Date "2021.03.30"]
[Round "3"]
[White "Szparu"]
[Black "zacachess"]
[Result "1-0"]
[WhiteElo "2582"]
[BlackElo "2393"]
[TimeControl "180+1"]
[EndTime "10:26:50 PDT"]
[Termination "Szparu won by checkmate"]

1. e4 c5 2. Nf3 d6 3. d4 cxd4 4. Nxd4 Nf6 5. Nc3 a6 6. Bg5 Nbd7 7. Qe2 h6 8. Bh4 g6 9. f4 e5 10. fxe5 dxe5 11. O-O-O Qc7 12. Nb3 Be7 13. Qf3 g5 14. Bg3 Nb6 15. Be2 Be6 16. Nd4 O-O-O 17. Nxe6 fxe6 18.
h4 g4 19. Qe3 h5 20. Kb1 Bc5 21. Qg5 Nfd7 22. Qg6 Rde8 23. Rhf1 Kb8 24. Rf7 Qc6 25. Qg7 Ka7 26. Rdxd7 Nxd7 27. Rxd7 Rhg8 28. Qxe5 Qxd7 29.
Qxc5+ Ka8 30. Bf2 Rgf8 31. Qa7# 1-0

[Event "*** Titled Tuesday Blitz"]
[Site "Chess.com"]
[Date "2021.03.30"]
[Round "3"]
[White "Zmeeed63"]
[Black "AlexOstrovskiy"]
[Result "0-1"]
[WhiteElo "2337"]
[BlackElo "2736"]
[TimeControl "180+1"]
[EndTime "10:26:54 PDT"]
[Termination "AlexOstrovskiy won by resignation"]

1. d4 Nf6 2. c4 e5 3. dxe5 Ng4 4. Bf4 Nc6 5. Nf3 Bb4+ 6. Nbd2 Qe7 7. e3 Ngxe5 8. Nxe5 Nxe5 9. Be2 a5 10. O-O d6 11.
Nb3 a4 12. Nd4 O-O 13. Qc2 Bc5 14. Rfd1 g6 15. h3 Re8 16. Rab1 Nc6 17. Nxc6 bxc6 18.
Qc3 Rb8 19. Bh6 Qe5 20. Qxe5 Rxe5 21. Bf3 Bf5 22. Ra1 Rxb2 23. Bxc6 a3 24. Bf4 Re6 25.
Bd7 Re4 26. Bxf5 gxf5 27. Rdc1 f6 28. Rc3 Kf7 29. f3 Rxf4 0-1

[Event "*** Titled Tuesday Blitz"]
[Site "Chess.com"]
[Date "2021.03.30"]
[Round "3"]
[White "Trickster_Pony"]
[Black "MasterMK73"]
[Result "0-1"]
[WhiteElo "1511"]
[BlackElo "2279"]
[TimeControl "180+1"]
[EndTime "10:26:54 PDT"]
[Termination "MasterMK73 won on time"]

1. c4 e6 2. g3 d5 3. Bg2 c6 4.
Nf3 f5 5. cxd5 exd5 6. d3 Nf6 7.
Nc3 Bd6 8. O-O O-O 9. b3 Re8 10. a4 b6 11. Ba3 Bc7 12. d4 Nbd7 13. e3 g6 14. Ne1 Ba6 15. Nd3 Ne4 16. Nxe4 fxe4 17. Nb4 Bxf1 18. Nxc6 Qf6 19. Qxf1 Qxc6 20. Rc1 Qb7 21. f3 Nf6 22. fxe4 Nxe4 23. Bxe4 Rxe4 24.
Qb5 Rd8 25. Kf2 Bb8 0-1

[Event "*** Titled Tuesday Blitz"]
[Site "Chess.com"]
[Date "2021.03.30"]
[Round "3"]
[White "LordIron"]
[Black "bsnsun"]
[Result "0-1"]
[WhiteElo "2225"]
[BlackElo "2465"]
[TimeControl "180+1"]
[EndTime "10:26:58 PDT"]
[Termination "bsnsun won on time"]

1. d4 Nf6 2. Nf3 e6 3. g3 d5 4.
Bg2 a6 5. O-O Be7 6. c4 dxc4 7.
Ne5 O-O 8. Nxc4 c5 9. dxc5 Bxc5 10. Bg5 h6 11. Qxd8 Rxd8 12. Bxf6 gxf6 13. Nc3 Nc6 14. Ne4 Be7 15. Rfd1 b5 16. Nxf6+ Bxf6 17. Bxc6 Rxd1+ 18. Rxd1 Rb8 19. Na5 Kf8 20. b4 Rb6 21. Bd7 Bb7 22.
Nxb7 Rxb7 23. Rd6 Ke7 24. Bc8 Rc7 25. Rxa6 Rxc8 26. Rb6 Rc2 27. e3 Rxa2 28. Rxb5 Rb2 29. Rb7+ Kf8 30. Kg2 Bc3 0-1

[Event "*** Titled Tuesday Blitz"]
[Site "Chess.com"]
[Date "2021.03.30"]
[Round "3"]
[White "Nesty_Javi_Chess"]
[Black "ChainsOfFantasia"]
[Result "1-0"]
[WhiteElo "2615"]
[BlackElo "2419"]
[TimeControl "180+1"]
[EndTime "10:26:59 PDT"]
[Termination "Nesty_Javi_Chess won by resignation"]

1. e4 e6 2. d4 d5 3. Nd2 c5 4. exd5 Qxd5 5. Ngf3 cxd4 6. Bc4 Qd7 7. O-O Nc6 8. Nb3 a6 9. Nbxd4 Nxd4 10. Qxd4 Qxd4 11. Nxd4 Nf6 12. Bf4 b5 13. Bb3 Bb7 14. Rad1 Be7 15.
Rfe1 O-O 16. Nxe6 fxe6 17. Rxe6 Kf7 18. Rb6+ Bd5 19. Rxd5 Nxd5 20. Bxd5+ Ke8 21. Bxa8 Rxf4 22. Rxa6 Rc4 23. c3 b4 24. Bd5 Rc5 25. c4 1-0

[Event "*** Titled Tuesday Blitz"]
[Site "Chess.com"]
[Date "2021.03.30"]
[Round "3"]
[White "esapunov"]
[Black "Hikaru"]
[Result "0-1"]
[WhiteElo "2729"]
[BlackElo "3210"]
[TimeControl "180+1"]
[EndTime "10:27:02 PDT"]
[Termination "Hikaru won by resignation"]

1. c4 g6 2. g3 Bg7 3. Bg2 d6 4.
d4 Nc6 5. Nf3 Bd7 6. d5 Na5 7.
Nbd2 c5 8. Rb1 b5 9. cxb5 Bxb5 10. b3 Nf6 11. e4 Bd3 12. Bb2 Bxb1 13. Qxb1 O-O 14.
O-O Rb8 15. Qc2 Nd7 16. Bxg7 Kxg7 17. Re1 f6 18. Bf1 Ne5 19. Nh4 Qb6 20. Kg2 c4 21.
bxc4 Qb2 22. Rc1 Qxc2 23. Rxc2 Rfc8 24. f4 Ng4 25. Rc3 Rb2 26. Nf3 Rxa2 27. h3 Nh6 28. Kf2 Nf7 29. Ke3 Nd8 30. Nd4 Ndb7 31. Ne6+ Kf7 32.
e5 f5 33. g4 Nc5 34. Nxc5 Rxc5 35. gxf5 gxf5 36. Bd3 e6 37. dxe6+ Kxe6 38. Nf3 dxe5 39. fxe5 Nc6 40. Kf4 Nxe5 41. Ng5+ Kd6 42. Bxf5 Rf2+ 43.
Ke4 h6 44. Ne6 Rxc4+ 45. Rxc4 Nxc4 0-1

[Event "*** Titled Tuesday Blitz"]
[Site "Chess.com"]
[Date "2021.03.30"]
[Round "3"]
[White "Lion-Al-Messi"]
[Black "mamonika"]
[Result "1-0"]
[WhiteElo "2488"]
[BlackElo "2046"]
[TimeControl "180+1"]
[EndTime "10:27:02 PDT"]
[Termination "Lion-Al-Messi won by resignation"]

1. e4 e5 2. Nf3 Nc6 3. Bb5 a6 4. Ba4 Nf6 5. O-O b5 6. Bb3 Bc5 7. c3 d6 8. a4 Rb8 9. axb5 axb5 10. d4 Bb6 11. dxe5 Nxe5 12. Nxe5 dxe5 13. Qxd8+ Kxd8 14. Bxf7 Nxe4 15. Be3 Rf8 16. Bd5 Nf6 17. Bc6 Bxe3 18. fxe3 Bd7 19. Bxd7 Nxd7 20. Nd2 Ke7 21. Ne4 b4 22. c4 Nf6 23. Nc5 Kd6 24. Nd3 e4 25. Ra6+ c6 26. c5+ Kc7 27. Ne5 Rfe8 28. Nxc6 Rb5 29. Nd4 Rxc5 30. Ne6+ Kd7 31. Nxc5+ 1-0

[Event "*** Titled Tuesday Blitz"]
[Site "Chess.com"]
[Date "2021.03.30"]
[Round "3"]
[White "NishaOnYoutube"]
[Black "dennisodessa"]
[Result "0-1"]
[WhiteElo "2150"]
[BlackElo "2340"]
[TimeControl "180+1"]
[EndTime "10:27:03 PDT"]
[Termination "dennisodessa won by checkmate"]

1. e4 e6 2. d4 d5 3. Bd3 dxe4 4. Bxe4 Nf6 5. Bf3 Nbd7 6. Nc3 Bb4 7. Ne2 O-O 8. O-O e5 9. a3 Be7 10. g3 c6 11. Bg2 Qc7 12. Bg5 Rd8 13. dxe5 Nxe5 14. Qc1 Bg4 15. Qe3 h6 16. Bf4 Bd6 17.
b3 Re8 18. Kh1 Rad8 19. h3 Bf5 20. Nd4 Bg6 21. Rad1 Nd3 22. Bxd6 Qxd6 23. Qd2 Qxd4 24. cxd3 Qxd3 25. Qxd3 Rxd3 26. Rxd3 Bxd3 27. Rc1 Kf8 28.
Bf3 Ne4 29. Kg2 Nd2 30. Bd1 Re1 31. b4 Bf1+ 32. Kh2 Nf3+ 33. Kh1 Bxh3# 0-1

[Event "*** Titled Tuesday Blitz"]
[Site "Chess.com"]
[Date "2021.03.30"]
[Round "3"]
[White "ecwinslow"]
[Black "KacperPolOK"]
[Result "1/2-1/2"]
[WhiteElo "2273"]
[BlackElo "2457"]
[TimeControl "180+1"]
[EndTime "10:27:04 PDT"]
[Termination "Game drawn by repetition"]

1. e4 c5 2. Nf3 Nc6 3. d4 cxd4 4.
Nxd4 e5 5. Nb5 d6 6. N1c3 a6 7.
Na3 b5 8. Nd5 Nge7 9. c4 Nd4 10.
Bd3 Nxd5 11. cxd5 Be7 12. O-O O-O 13. Nc2 Nxc2 14. Qxc2 Bd7 15. b4 Rc8 16. Qe2 f5 17. exf5 Bxf5 18. Bxf5 Rxf5 19. a4 Rc4 20. Bd2 Bg5 21.
axb5 axb5 22. Bxg5 Qxg5 23. Ra8+ Rf8 24. Rxf8+ Kxf8 25.
Ra1 Rc1+ 26. Rxc1 Qxc1+ 27. Qf1 Qxf1+ 28. Kxf1 Kf7 29. Ke2 Kf6 30. Kf3 Kf5 31. g4+ Kg5 32. Kg3 h5 33. h4+ Kg6 34. f4 exf4+ 35. Kxf4 hxg4 36.
Kxg4 Kf6 37. Kf4 g6 38. Ke4 g5 39. h5 g4 40. Kf4 g3 41. Kxg3 Kg5 42. h6 Kxh6 43. Kh4 Kg6 44. Kg4 Kf6 45. Kf4 Kg6 46.
Kg4 Kf6 47. Kf4 Kg6 48. Kg4 1/2-1/2

[Event "*** Titled Tuesday Blitz"]
[Site "Chess.com"]
[Date "2021.03.30"]
[Round "3"]
[White "MuhittinBuker"]
[Black "tteshan"]
[Result "1-0"]
[WhiteElo "2206"]
[BlackElo "2335"]
[TimeControl "180+1"]
[EndTime "10:27:04 PDT"]
[Termination "MuhittinBuker won by checkmate"]

1. d4 d5 2. c4 dxc4 3. Nc3 a6 4. a4 Nc6 5. e3 Na5 6. Nf3 Nf6 7. Ne5 Be6 8. Be2 g6 9. O-O Bg7 10. f4 O-O 11.
Rf3 Ng4 12. Rg3 Nxe5 13. fxe5 c6 14. e4 Nb3 15. Be3 Nxa1 16. Qxa1 b5 17. Bf3 b4 18. Ne2 Qc7 19. Qc1 Rfd8 20. Nf4 Bh6 21. Nxe6 Bxe3+ 22. Qxe3 fxe6 23. Rh3 Rf8 24. Bg4 Qd7 25. Rh6 Rf7 26. h4 Kg7 27. h5 Rd8 28. d5 cxd5 29. Qg5 dxe4 30. hxg6 Qd4+ 31. Kh2 Rf2 32. Rxh7+ Kg8 33.
Bxe6+ Kf8 34. Qxe7# 1-0

[Event "*** Titled Tuesday Blitz"]
[Site "Chess.com"]
[Date "2021.03.30"]
[Round "3"]
[White "Ali-Farahat"]
[Black "Savva09022009"]
[Result "0-1"]
[WhiteElo "2410"]
[BlackElo "2607"]
[TimeControl "180+1"]
[EndTime "10:27:05 PDT"]
[Termination "Savva09022009 won by resignation"]

1. e4 c5 2. Nf3 d6 3. c3 Nf6 4. h3 Nc6 5. Bd3 d5 6. e5 Nd7 7.
Bb5 e6 8. O-O Be7 9. Re1 Qb6 10.
Ba4 c4 11. d3 cxd3 12. b4 a5 13. Be3 Qc7 14. Na3 axb4 15. Nb5 Qb8 16. Bb3 O-O 17. cxb4 Bxb4 18. Qxd3 Ndxe5 19. Nxe5 Nxe5 20. Qd4 Bxe1 21. Rxe1 Bd7 22. Bf4 Nc6 23. Qd2 e5 24. Bg5 d4 25.
Bf6 gxf6 26. Qh6 Ne7 27. Re4 Ng6 28. Bc2 f5 29. h4 fxe4 0-1

[Event "*** Titled Tuesday Blitz"]
[Site "Chess.com"]
[Date "2021.03.30"]
[Round "3"]
[White "chessprincesa1"]
[Black "Cryptochess"]
[Result "0-1"]
[WhiteElo "2262"]
[BlackElo "2584"]
[TimeControl "180+1"]
[EndTime "10:27:06 PDT"]
[Termination "Cryptochess won by resignation"]

1. d4 Nf6 2. c4 e6 3. Nc3 Bb4 4. a3 Bxc3+ 5. bxc3 b6 6. f4 Ba6 7. e3 Nc6 8. Nf3 Na5 9. Bd3 Bxc4 10.
e4 Bxd3 11. Qxd3 d5 12. e5 Ne4 13. O-O O-O 14. a4 c5 15. f5 exf5 16. Nd2 Qd7 17. Qh3 Nxd2 18. Bxd2 Nb3 19. Bg5 Nxa1 20. Rxa1 cxd4 21.
cxd4 Rac8 22. Qg3 Kh8 23. Rf1 Rc4 24. Qh4 Qe6 25. h3 Rfc8 26. Rf4 Rxa4 27. Bf6 gxf6 28. exf6 Rg8 29. Qh6 Qe1+ 30. Rf1 Rxg2+ 31. Kxg2 Ra2+ 32. Kf3 Qxf1+ 33. Ke3 Qc1+ 34. Kd3 Qxh6 0-1

[Event "*** Titled Tuesday Blitz"]
[Site "Chess.com"]
[Date "2021.03.30"]
[Round "3"]
[White "malakismayil"]
[Black "aljado"]
[Result "1-0"]
[WhiteElo "2327"]
[BlackElo "2091"]
[TimeControl "180+1"]
[EndTime "10:27:09 PDT"]
[Termination "malakismayil won by resignation"]

1. e4 c5 2. Nf3 e6 3. d4 cxd4 4. Nxd4 Bc5 5. Nb3 Bb6 6. c4 Nc6 7. c5 Bc7 8. Qg4 Qf6 9. Nc3 Nge7 10. h4 Nb4 11. Bg5 Qe5 12. f4 Nc2+ 13. Kd2 Ne3 14. Kxe3 Nf5+ 15. Qxf5 Qxf5 16. exf5 exf5 17. Nd5 Bb8 18.
Re1 O-O 19. Bd3 f6 20. Bxf6 gxf6 21. Bxf5 b6 22. c6 dxc6 23. Ne7+ Kf7 24. Nxc8 Bc7 25. Kf3 1-0

[Event "*** Titled Tuesday Blitz"]
[Site "Chess.com"]
[Date "2021.03.30"]
[Round "3"]
[White "serhanberat_ozdemir"]
[Black "The_Machine04"]
[Result "1-0"]
[WhiteElo "2678"]
[BlackElo "2437"]
[TimeControl "180+1"]
[EndTime "10:27:11 PDT"]
[Termination "serhanberat_ozdemir won on time"]

1. e4 d6 2. d4 Nf6 3. Nc3 e5 4. Nf3 Nbd7 5. g4 d5 6. exd5 e4 7. Nd2 Bb4 8. g5 Bxc3 9. bxc3 Nxd5 10. Nxe4 O-O 11. Bd3 Re8 12. O-O Nf8 13. Qf3 Ng6 14.
Bd2 Nh4 15. Qg3 Nf5 16. Qf3 Nh4 17. Qh5 Ng6 18. Rae1 Bf5 19. f4 Qd7 20. Qf3 c6 21. c4 Nb6 22. c3 1-0

[Event "*** Titled Tuesday Blitz"]
[Site "Chess.com"]
[Date "2021.03.30"]
[Round "3"]
[White "dosto07"]
[Black "Orlov_Oleg"]
[Result "0-1"]
[WhiteElo "2407"]
[BlackElo "2599"]
[TimeControl "180+1"]
[EndTime "10:27:11 PDT"]
[Termination "Orlov_Oleg won on time"]

1. e4 c5 2. Nf3 e6 3. d4 cxd4 4. Nxd4 Qb6 5. Nb3 Qc7 6. c4 a6 7. Nc3 Nf6 8. Be2 Nc6 9. Be3 Bb4 10. f3 d5 11. cxd5 exd5 12. exd5 Qe5 13. Bd2 b5 14. dxc6 Nd5 15. Nxd5 Bxd2+ 16. Qxd2 Be6 17. Nf4 Rd8 18.
Nd3 Qc7 19. Rc1 O-O 20. O-O Bc4 21. Qf4 Qxc6 22. Kh1 Qe6 23. Rfe1 Rfe8 24. Bf1 Qb6 25. Rxe8+ Rxe8 26. Ne5 Be6 27. Nd4 Bd5 28. Nf5 Qf6 29. Ng4 Qe6 30. h3 h6 31. Rd1 h5 32. Nge3 Bxa2 33. Rd6 Qe5 34. Qg5 Be6 35. Rb6 Qxb2 0-1

[Event "*** Titled Tuesday Blitz"]
[Site "Chess.com"]
[Date "2021.03.30"]
[Round "3"]
[White "Kretov_Evgenij"]
[Black "Shuvalov"]
[Result "0-1"]
[WhiteElo "2566"]
[BlackElo "2409"]
[TimeControl "180+1"]
[EndTime "10:27:11 PDT"]
[Termination "Shuvalov won by resignation"]

1. d4 Nf6 2. c4 g6 3. Nc3 d5 4.
cxd5 Nxd5 5. Bd2 Bg7 6. e4 Nxc3 7. Bxc3 c5 8. d5 Bxc3+ 9. bxc3 O-O 10. Nf3 Nd7 11. Be2 Nf6 12. Nd2 e6 13. c4 exd5 14. cxd5 Re8 15. Qc2 Qe7 16. Bb5 Nxe4 17. Bxe8 Ng3+ 18.
Kd1 Nxh1 19. Bb5 Nxf2+ 20. Kc1 Bf5 21. Qc3 Qe1+ 22. Kb2 Nd1+ 23. Rxd1 Qxd1 24. Bc4 b5 25. Bb3 Qe2 26. a3 a5 27. Kc1 b4 28. Qxc5 Rc8 0-1

[Event "*** Titled Tuesday Blitz"]
[Site "Chess.com"]
[Date "2021.03.30"]
[Round "3"]
[White "JiiHart"]
[Black "ARMQUEEN"]
[Result "0-1"]
[WhiteElo "2035"]
[BlackElo "2305"]
[TimeControl "180+1"]
[EndTime "10:27:11 PDT"]
[Termination "ARMQUEEN won on time"]

1. e4 c5 2. Nf3 Nc6 3. d4 cxd4 4.
Nxd4 g6 5. c4 Nf6 6. Nc3 Nxd4 7.
Qxd4 d6 8. Be2 Bg7 9. Be3 O-O 10. Qd2 a5 11. O-O a4 12. Rac1 Qa5 13. Bh6 Be6 14. Bxg7 Kxg7 15. Qd4 Rfc8 16. Nd5 Bxd5 17. exd5 Qb4 18. Qc3 Qc5 19. Bf3 Rab8 20. Rfe1 Rc7 21. b4 axb3 22. axb3 b5 23. g4 h6 24. h4 Kg8 25. g5 hxg5 26. hxg5 Nh7 27. Kg2 bxc4 28. Rh1 Rxb3 29. Qd2 Rd3 30. Qf4 Qd4 31. Qh2 Qg7 0-1

[Event "*** Titled Tuesday Blitz"]
[Site "Chess.com"]
[Date "2021.03.30"]
[Round "3"]
[White "MerryPoppies"]
[Black "thechesscorner64"]
[Result "0-1"]
[WhiteElo "2213"]
[BlackElo "2359"]
[TimeControl "180+1"]
[EndTime "10:27:13 PDT"]
[Termination "thechesscorner64 won by resignation"]

1. d4 Nf6 2. c4 e6 3. Nc3 Bb4 4. Qc2 Nc6 5. Nf3 d6 6. a3 Bxc3+ 7. Qxc3 a5 8. Bg5 h6 9. Bh4 O-O 10. e3 a4 11. Bd3 Re8 12. O-O e5 13. d5 e4 14. Bxe4 Nxe4 15. Qc2 g5 16. dxc6 gxh4 17. cxb7 Bxb7 18. Rad1 h3 19. g3 Ng5 20. Nxg5 Qxg5 21. f4 Qe7 22. Rfe1 Qe4 23. Qxe4 Rxe4 24. Rc1 Rae8 25.
Kf2 Ba6 26. Rc3 Rxc4 0-1

[Event "*** Titled Tuesday Blitz"]
[Site "Chess.com"]
[Date "2021.03.30"]
[Round "3"]
[White "NoGuru"]
[Black "theredking89"]
[Result "0-1"]
[WhiteElo "2329"]
[BlackElo "2548"]
[TimeControl "180+1"]
[EndTime "10:27:14 PDT"]
[Termination "theredking89 won by resignation"]

1. c4 Nf6 2. Nf3 g6 3. Nc3 Bg7 4. e4 O-O 5. d4 d6 6. Be2 c5 7. O-O cxd4 8. Nxd4 Nc6 9. Be3 Bd7 10. h3 Nxd4 11.
Bxd4 Bc6 12. Qc2 a5 13. Rad1 Qc7 14. Rfe1 Rac8 15. Bf1 Nd7 16. Bxg7 Kxg7 17. Nd5 Bxd5 18. exd5 Nf6 19. a4 Rfe8 20. b3 Qc5 21. Qd2 b6 22. Re3 Qc7 23. Rde1 Rcd8 24. Qe2 e5 25. dxe6 Rxe6 26.
Rxe6 fxe6 27. g3 d5 28. cxd5 exd5 29. Qe7+ Qxe7 30. Rxe7+ Kf8 31. Rb7 Rd6 32. Bb5 d4 33. Bd3 Nd7 34. Kf1 Nc5 35. Rb8+ Kg7 36. Bc4 d3 37. Ke1 d2+ 38. Kd1 Ne4 39. Be2 Nc3+ 40.
Kc2 Nxe2 0-1

[Event "*** Titled Tuesday Blitz"]
[Site "Chess.com"]
[Date "2021.03.30"]
[Round "3"]
[White "pfalcon1949"]
[Black "Tea99"]
[Result "0-1"]
[WhiteElo "1987"]
[BlackElo "2300"]
[TimeControl "180+1"]
[EndTime "10:27:14 PDT"]
[Termination "Tea99 won by resignation"]

1. c4 e6 2. e4 d5 3. cxd5 exd5 4. exd5 Nf6 5. Nc3 Nxd5 6. Nf3 Nc6 7. d4 Be7 8. Bb5 O-O 9. O-O Bg4 10. Be2 Bf6 11.
Be3 Re8 12. Qd2 a6 13. h3 Bh5 14. Rfe1 Qd6 15. Rad1 Rad8 16. b3 b5 17. a4 Nxc3 18.
Qxc3 b4 19. Qc5 Qxc5 20. dxc5 Na5 21. Rb1 Bg6 22. Rbd1 Bc2 23. Rxd8 Rxd8 24. Bxa6 Nxb3 25. c6 Na5 26. Bb5 b3 27. Bd4 Bxd4 28. Nxd4 Kf8 29. Kh2 Rxd4 30. Rc1 Rd1 31. Rxc2 bxc2 0-1

[Event "*** Titled Tuesday Blitz"]
[Site "Chess.com"]
[Date "2021.03.30"]
[Round "3"]
[White "AndrewMaco"]
[Black "GigaQuparadze"]
[Result "0-1"]
[WhiteElo "2623"]
[BlackElo "2874"]
[TimeControl "180+1"]
[EndTime "10:27:15 PDT"]
[Termination "GigaQuparadze won by resignation"]

1. e4 c5 2. Nf3 e6 3. g3 Nc6 4. Bg2 Nf6 5. Nc3 d5 6. exd5 exd5 7. d4 Bg4 8. dxc5 d4 9. Ne2 Bxc5 10. O-O O-O 11. Nf4 Re8 12. a3 Rc8 13. Nd3 Bb6 14.
h3 Bf5 15. Bg5 h6 16. Bxf6 Qxf6 17. Qd2 Ba5 18. b4 Bb6 19. Rfe1 Red8 20. Qf4 Bc7 21. Qd2 Ne7 22. Nc5 b6 23. Ne4 Bxe4 24. Rxe4 d3 25.
Rae1 dxc2 26. Qxc2 Bxg3 27. Qe2 Nf5 28. fxg3 Nxg3 29.
Qa6 Nxe4 30. Rxe4 Rc1+ 31. Re1 Rxe1+ 32. Nxe1 Qd4+ 33. Kh1 Qd1 34. Qf1 Re8 35. Nf3 Qxf1+ 36. Bxf1 Re3 37. Kg2 Rxa3 38. b5 g6 39. Ne5 Kg7 40.
Bc4 f5 41. Nc6 Kf6 42. Be2 h5 43. Bf1 h4 44. Be2 g5 45. Bd1 g4 46. hxg4 fxg4 47.
Bxg4 Rg3+ 48. Kh2 Rxg4 49. Kh3 Ra4 0-1

[Event "*** Titled Tuesday Blitz"]
[Site "Chess.com"]
[Date "2021.03.30"]
[Round "3"]
[White "PowerThinking2650"]
[Black "PrinceMurad09"]
[Result "1-0"]
[WhiteElo "2410"]
[BlackElo "2567"]
[TimeControl "180+1"]
[EndTime "10:27:15 PDT"]
[Termination "PowerThinking2650 won by checkmate"]

1. e4 c5 2. Nf3 d6 3. d4 cxd4 4. Nxd4 Nf6 5. Nc3 g6 6. Bc4 Bg7 7. Be3 a6 8. f3 Nbd7 9. Qd2 h5 10. Bb3 b5 11. Bg5 Bb7 12. O-O-O Rc8 13. Rhe1 Nb6 14. Kb1 O-O 15. Bh6 Nc4 16. Bxc4 bxc4 17. Bxg7 Kxg7 18. f4 Qb6 19. e5 dxe5 20. fxe5 Nd5 21.
e6 f6 22. Nxd5 Bxd5 23. c3 Rfd8 24. Re3 f5 25. Rg3 Be4+ 26. Ka1 h4 27. Rh3 Rh8 28. Qg5 Rb8 29. Qxe7+ Kg8 30. Qf7# 1-0

[Event "*** Titled Tuesday Blitz"]
[Site "Chess.com"]
[Date "2021.03.30"]
[Round "3"]
[White "Kale36"]
[Black "Make_it_shine060"]
[Result "1-0"]
[WhiteElo "2388"]
[BlackElo "2230"]
[TimeControl "180+1"]
[EndTime "10:27:16 PDT"]
[Termination "Kale36 won by checkmate"]

1. b3 Nf6 2. Bb2 g6 3. Bxf6 exf6 4. c4 Bg7 5. Nc3 f5 6. g3 O-O 7. Bg2 c6 8. e3 b6 9. Nge2 Bb7 10.
O-O d5 11. cxd5 cxd5 12. d4 Nd7 13. Nxd5 Kh8 14. Rc1 Rc8 15. Qd3 a5 16. Rxc8 Qxc8 17. Rc1 Qb8 18. Qb5 Rd8 19. h4 h5 20. Nef4 Kh7 21.
Rc7 Bxd5 22. Nxd5 Nf8 23. Rxf7 Ne6 24. Qc6 Rd6 25. Qb7 Qd8 26. Qe7 Qc8 27. Nf6+ Kh8 28. d5 Bxf6 29. Rh7+ Kg8 30. Qf7# 1-0

[Event "*** Titled Tuesday Blitz"]
[Site "Chess.com"]
[Date "2021.03.30"]
[Round "3"]
[White "yuki_chess123"]
[Black "oogee"]
[Result "1-0"]
[WhiteElo "2247"]
[BlackElo "2366"]
[TimeControl "180+1"]
[EndTime "10:27:16 PDT"]
[Termination "yuki_chess123 won by resignation"]

1. Nf3 g6 2. d4 Nf6 3. c4 Bg7 4. Nc3 O-O 5. e4 d6 6. Be2 e5 7. O-O Nc6 8. d5 Ne7 9. Ne1 Nd7 10. Nd3 f5 11. Bd2 Nf6 12. f3 f4 13.
c5 g5 14. a4 Rf7 15. Qc2 Bf8 16. cxd6 cxd6 17. Nf2 Rg7 18. Rfc1 g4 19. fxg4 Nxg4 20. Bxg4 Bxg4 21. Nxg4 Rxg4 22. Kh1 Ng6 23. Nb5 Qg5 24. Be1 f3 25. g3 Nf4 26. Qd2 Bh6 27. Nxd6 Rf8 28.
Nf5 Qh5 29. Nxh6+ Qxh6 30. Ra3 Qh3 31. Rxf3 Nh5 32. Rxf8+ Kxf8 33. Qf2+ Nf4 34. Bc3 Ke7 35. Bxe5 Nd3 1-0

[Event "*** Titled Tuesday Blitz"]
[Site "Chess.com"]
[Date "2021.03.30"]
[Round "3"]
[White "Onischuk_V"]
[Black "Tsyhanchuk_Stanislav"]
[Result "1-0"]
[WhiteElo "2882"]
[BlackElo "2478"]
[TimeControl "180+1"]
[EndTime "10:27:18 PDT"]
[Termination "Onischuk_V won on time"]

1. Nf3 c5 2. g3 Nc6 3. Bg2 g6 4.
d4 cxd4 5. Nxd4 Bg7 6. Nb3 Nf6 7.
Nc3 O-O 8. e4 d6 9. h3 Bd7 10.
O-O a6 11. a4 Ne5 12. Re1 Nc4 13. Nd4 Rb8 14. b3 Ne5 15. Bb2 Qc8 16. Kh2 Nc6 17.
Nd5 Nxd5 18. exd5 Nxd4 19. Bxd4 Bxd4 20. Qxd4 Qxc2 21. Rxe7 Rbd8 22. b4 Bxa4 23. Rae1 Rde8 24. Qf6 Rxe7 25. Rxe7 Qd2 26. Rxb7 Bb5 27. h4 Qxb4 28.
h5 Qg4 29. Bf3 Qf5 30. Qxf5 gxf5 31. h6 f4 32. gxf4 Ra8 33. Rb6 Bd3 34. Rxd6 a5 35. Rb6 a4 36. d6 Rd8 37. Bd5 Bf5 38. Kg3 Be6 39. Be4 1-0

[Event "*** Titled Tuesday Blitz"]
[Site "Chess.com"]
[Date "2021.03.30"]
[Round "3"]
[White "noblerone"]
[Black "DaroZin"]
[Result "0-1"]
[WhiteElo "2396"]
[BlackElo "2585"]
[TimeControl "180+1"]
[EndTime "10:27:19 PDT"]
[Termination "DaroZin won by resignation"]

1. d4 Nf6 2. Nf3 g6 3. Bg5 Bg7 4. Nbd2 O-O 5. c3 b6 6. e4 d6 7. Bd3 Bb7 8. O-O Nbd7 9. Re1 e5 10. a4 a5 11. Qb3 h6 12. Bh4 g5 13. Bg3 Nh5 14. Rad1 Qe7 15. Nf1 Nf4 16. Bc2 Nf6 17. dxe5 dxe5 18. Ne3 Qc5 19. Nf5 Rfd8 20. Bxf4 gxf4 21.
Rxd8+ Rxd8 22. Nxg7 Kxg7 23. Nh4 Rd2 24. Nf5+ Kf8 25. Rf1 Nxe4 26. Bxe4 Bxe4 27. Nxh6 Qd5 28. c4 Qd3 29. Qb5 Rd1 0-1